Cogmind - Beta 12 X4 @@@ ROGUE MODE // 2022.12.31 @ 01:34:33 Player: Cracklepappy Result: Destroyed by Reinforced Deuterium Engine chain reaction Performance ------------- Evolutions (0) 0 Regions Visited (4) 800 Robots Destroyed (22) 110 Value Destroyed (479) 479 Prototype IDs (26) 520 Alien Tech Used (0) 0 Bonus (-293) -293 TOTAL SCORE: 1616 Bonus ------- Aligned with FarCom 300 Friendly Fire -593 Cogmind --------- Core Integrity 0/250 Matter 300/300 Energy 123/125 System Corruption 0% Temperature Cool (12) Movement Rolling (115) Ox1 Location -9/Mines Parts ------- > --- POWER (1) -------- Light Ion Engine > --- PROPULSION (2) --- Compact Wheel Compact Wheel > --- UTILITY (2) ------ High-capacity Storage Unit Seismic Detector > --- WEAPON (2) ------- Particle Gun Assault Rifle > --- INVENTORY (20) --- Nuclear Core Nuclear Core Cold Fusion Reactor Improved Heat Sink High-capacity Storage Unit High-capacity Storage Unit Humpback Humpback Humpback High-capacity Matter Pod (200) Structural Scanner Improved Terrain Scanner Targeting Computer System Purifier Small Laser Mining Laser Peak State ------------ > --- POWER ------------ Light Ion Engine > --- PROPULSION ------- Compact Wheel Compact Wheel > --- UTILITY ---------- High-capacity Storage Unit Seismic Detector > --- WEAPON ----------- Particle Gun Assault Rifle > --- INVENTORY -------- Nuclear Core Nuclear Core Reinforced Deuterium Engine Cold Fusion Reactor Improved Heat Sink High-capacity Storage Unit High-capacity Storage Unit Humpback Humpback Humpback High-capacity Matter Pod Structural Scanner Improved Terrain Scanner Targeting Computer System Purifier Small Laser Mining Laser [Rating: 12] Favorites ----------- Power Light Ion Engine Engine Light Ion Engine Propulsion Compact Wheel Treads Light Treads Leg Aluminum Leg Wheel Compact Wheel Utility Seismic Detector Device Seismic Detector Storage High-capacity Storage Unit Weapon Assault Rifle Energy Gun Particle Gun Ballistic Gun Assault Rifle Special Weapon Mining Laser Build | -11 -10 -10 -10 -9 ------- Run | Scr Mat Min Exi Min Slots Evolved . | . . . . . Power . | . . . . . Propulsion . | . . . . . Utility . | . . . . . Weapon . | . . . . . Parts Attached 28 | 8 14 2 4 . Power 4 | 1 2 . 1 . Engine 4 | 1 2 . 1 . Core . | . . . . . Reactor . | . . . . . Propulsion 13 | 2 7 2 2 . Treads 5 | 1 4 . . . Leg 3 | . 1 2 . . Wheel 5 | 1 2 . 2 . Hover . | . . . . . Flight . | . . . . . Utility 5 | 3 2 . . . Device 2 | 2 . . . . Storage 3 | 1 2 . . . Processor . | . . . . . Hackware . | . . . . . Protection . | . . . . . Artifact . | . . . . . Weapon 6 | 2 3 . 1 . Energy Gun 2 | . 1 . 1 . Energy Cannon . | . . . . . Ballistic Gun 3 | 2 1 . . . Ballistic Cannon . | . . . . . Launcher . | . . . . . Special Weapon 1 | . 1 . . . Impact Weapon . | . . . . . Slashing Weapon . | . . . . . Piercing Weapon . | . . . . . Special Melee Weapon . | . . . . . Unidentified Prototypes . | . . . . . Parts Lost 8 | . 5 3 . . Power 3 | . 2 1 . . Propulsion 3 | . 2 1 . . Utility . | . . . . . Weapon 2 | . 1 1 . . Highest Loss Streak 3 | . 3 3 . . To Critical Strikes . | . . . . . Average Slot Usage (%) 87 | . 97 68 79 . Engine 8 | . 13 . 3 . Treads 10 | . 21 . . . Leg 5 | . . 24 7 . Wheel 11 | . 5 . 21 . Device 14 | . 14 14 14 . Storage 14 | . 14 14 14 . Energy Gun 3 | . 2 . 4 . Ballistic Gun 18 | . 22 14 14 . Naked Turns . | . . . . . Heaviest Build 49 | 12 47 43 49 49 Greatest Support 40 | 16 40 20 32 32 Greatest Overweight (x) 4 | . 2 4 2 1 Average Overweight (x) 1 | . 1 2 1 1 Largest Inventory Capacity 20 | 8 20 20 20 20 Average Capacity 18 | 7 19 20 20 20 Most Carried 20 | 8 16 15 20 19 Average Carried 14 | 5 12 14 18 19 Final Capacity 20 | 8 20 20 20 20 Final Carried 20 | 8 14 15 20 19 Class Distribution -------------------- 100% | Mutant Dominant Class ---------------- Mutant | -10/Materials Mutant | -10/Mines Mutant | -10/Exiles Mutant | -9/Mines Resources | -11 -10 -10 -10 -9 ----------- Run | Scr Mat Min Exi Min Matter Collected 734 | 316 246 109 63 . Remotely . | . . . . . Salvage Created 850 | 207 440 177 26 . Parts 60 | 19 19 8 14 . Haulers Intercepted 1 | . 1 . . . Recyclers Shooed 2 | 1 . 1 . . Parts Field Recycled . | . . . . . Retrieved Matter . | . . . . . Parts Self-Destructed . | . . . . . Prevented . | . . . . . Kills | -11 -10 -10 -10 -9 ------- Run | Scr Mat Min Exi Min Combat Hostiles Destroyed 11 | . 9 2 . . Guns 11 | . 9 2 . . Classes Destroyed 6 | 2 4 . . . Worker 1 | . 1 . . . Tunneler 5 | 5 . . . . Hauler 1 | . 1 . . . Recycler 2 | 1 . 1 . . Operator 1 | . 1 . . . Grunt 11 | . 9 2 . . Best Kill Streak 4 | 3 4 2 . . Combat Bots Only 2 | . 2 2 . . Max Kills in Single Turn 1 | 1 1 1 1 . Gunslinging . | . . . . . Exploded . | . . . . . Melee . | . . . . . Uniques/NPCs Destroyed 1 | . . . 1 . EX-BIN (-10/Exiles) Combat | -11 -10 -10 -10 -9 -------- Run | Scr Mat Min Exi Min Damage Taken 1195 | . 934 218 . 43 Core 257 | . 170 73 . 14 Absorbed by Shields . | . . . . . Core Remaining (%) 100 | 100 . . . . Volleys Fired 91 | 9 61 20 1 . Largest 2 | 2 2 2 2 . Hottest 100 | 40 100 40 85 . Shots Fired 163 | 18 119 24 2 . Gun 162 | 18 118 24 2 . Cannon . | . . . . . Launcher . | . . . . . Special 1 | . 1 . . . Kinetic 139 | 18 96 24 1 . Thermal 24 | . 23 . 1 . Explosive . | . . . . . Electromagnetic . | . . . . . Robot Hit Streak 9 | 8 9 6 3 . Robot Miss Streak 2 | 1 2 2 . . Penetration Max . | . . . . . Secondary Targets 1 | . 1 . . . Max Gunslinging Chain 1 | . 1 . . . Shots Hit Robots 110 | 11 80 17 2 . Core Hits 45 | 7 28 8 2 . Critical Kills 1 | . 1 . . . Critical Parts Destroyed 1 | . 1 . . . Critical Strikes 5 | . 5 . . . Burn 3 | . 3 . . . Destroy 2 | . 2 . . . Melee Attacks . | . . . . . Impact . | . . . . . Slashing . | . . . . . Piercing . | . . . . . Sneak Attacks . | . . . . . Combat Hostiles . | . . . . . Follow-up Attacks . | . . . . . Damage Inflicted 1209 | 139 839 200 31 . Guns 1209 | 139 839 200 31 . Cannons . | . . . . . Explosions . | . . . . . Melee . | . . . . . Ramming . | . . . . . Kinetic 1044 | 139 691 200 14 . Thermal 165 | . 148 . 17 . Explosive . | . . . . . Electromagnetic . | . . . . . Impact . | . . . . . Slashing . | . . . . . Piercing . | . . . . . Highest Corruption . | . . . . . Average Corruption . | . . . . . Corruption Purged . | . . . . . Corruption Blocked . | . . . . . Overload Shots . | . . . . . Overflow Damage . | . . . . . Projectiles . | . . . . . Explosions . | . . . . . Melee . | . . . . . Knockbacks . | . . . . . Impact . | . . . . . Kinetic . | . . . . . Secondary . | . . . . . Self-Inflicted Damage . | . . . . . Shots . | . . . . . Rammed . | . . . . . Targets Rammed . | . . . . . Kicked . | . . . . . Crushed . | . . . . . Highest Temperature 390 | . 390 15 24 . Average Temperature 112 | . 121 8 13 . Received Heat Transfer 708 | . 588 120 . . Effects 3 | . 3 . . . Shutdowns 1 | . 1 . . . Energy Bleed 2 | . 2 . . . Siege Activations . | . . . . . Robots Corrupted . | . . . . . Combat Hostiles . | . . . . . Parts Fried . | . . . . . Impact Corruptions . | . . . . . Robots Melted . | . . . . . Combat Hostiles . | . . . . . Parts Melted 2 | . 1 . 1 . Heat Transferred 703 | . 666 . 37 . Parts Sabotaged . | . . . . . Parts Stolen . | . . . . . Parts Stripped . | . . . . . Power Chain Reactions . | . . . . . Missiles Intercepted . | . . . . . Alert | -11 -10 -10 -10 -9 ------- Run | Scr Mat Min Exi Min Peak Influence 191 | 30 191 55 . 15 Initial 19 | . 19 11 . . Average 56 | 16 67 46 . 7 Maximum Alert Level . | . . . . . Low Security (%) 100 | 100 100 100 . 100 Level 1 . | . . . . . Level 2 . | . . . . . Level 3 . | . . . . . Level 4 . | . . . . . Level 5 . | . . . . . High Security . | . . . . . Max Security . | . . . . . Squads Dispatched 3 | . 3 . . . Investigation 2 | . 2 . . . Extermination . | . . . . . Reinforcement 1 | . 1 . . . Assault . | . . . . . Garrison . | . . . . . Intercept . | . . . . . Searches Triggered . | . . . . . Construction Impeded . | . . . . . Haulers Reinforced . | . . . . . Active Scanning Responses . | . . . . . Cargo Convoy Interrupts . | . . . . . Stealth | -11 -10 -10 -10 -9 --------- Run | Scr Mat Min Exi Min Distress Signals 1 | . 1 . . . Communications Jammed . | . . . . . Distress Signals . | . . . . . Times Spotted 21 | . 16 2 . 3 Peak Tracking Total 3 | . 3 2 2 3 Tactical Retreats 1 | . 1 . . . Traps | -11 -10 -10 -10 -9 ------- Run | Scr Mat Min Exi Min Traps Triggered 2 | . 2 . . . Indirectly . | . . . . . Trap Hack Attempts . | . . . . . Triggered . | . . . . . Disarmed . | . . . . . Reprogrammed . | . . . . . Reused . | . . . . . Traps Extracted . | . . . . . Installed . | . . . . . Triggered . | . . . . . Exploded 1 | . . . . 1 Machines | -11 -10 -10 -10 -9 ---------- Run | Scr Mat Min Exi Min Machines Disabled . | . . . . . Max in Single Turn . | . . . . . Machines Sabotaged . | . . . . . Overloaded Fab Kills . | . . . . . Hacking | -11 -10 -10 -10 -9 --------- Run | Scr Mat Min Exi Min Machines Accessed 7 | . 5 . 2 . Terminals 3 | . 3 . . . Fabricators . | . . . . . Repair Stations . | . . . . . Recycling Units 2 | . 2 . . . Scanalyzers . | . . . . . Garrison Access . | . . . . . Total Hacks 31 | . 17 . 14 . Successful 23 | . 9 . 14 . Failed 7 | . 7 . . . Catastrophic . | . . . . . Database Lockouts 1 | . 1 . . . Manual 12 | . 11 . 1 . Terminals 13 | . 13 . . . Fabricators . | . . . . . Repair Stations . | . . . . . Recycling Units 4 | . 4 . . . Scanalyzers . | . . . . . Garrison Access . | . . . . . Terminal Hacks 20 | . 6 . 14 . Record 13 | . . . 13 . Part Schematic 1 | . 1 . . . Robot Analysis 1 | . 1 . . . Prototype ID Bank 1 | . 1 . . . Branch Access Points 1 | . 1 . . . Unreport Threat 1 | . 1 . . . Locate Traps 1 | . 1 . . . EX-Prototype ID Bank 1 | . . . 1 . Fabricator Hacks . | . . . . . Repair Station Hacks . | . . . . . Recycling Unit Hacks 1 | . 1 . . . Retrieve Components 1 | . 1 . . . Scanalyzer . | . . . . . Garrison Access Hacks . | . . . . . Unauthorized Hacks 2 | . 2 . . . Terminals 1 | . 1 . . . Track 1 | . 1 . . . Fabricators . | . . . . . Repair Stations . | . . . . . Recycling Units 1 | . 1 . . . Tunnel 1 | . 1 . . . Scanalyzers . | . . . . . Garrison Access . | . . . . . Data Cores Recovered . | . . . . . Used . | . . . . . Hacking Detections 4 | . 4 . . . Full Trace Events . | . . . . . Feedback Events . | . . . . . Feedback Blocked . | . . . . . Robot Schematics Acquired . | . . . . . Robots Built . | . . . . . Authchips . | . . . . . Time . | . . . . . Total Robot Build Rating . | . . . . . Part Schematics Acquired 1 | . 1 . . . Parts Built . | . . . . . Authchips . | . . . . . Time . | . . . . . Total Part Build Rating . | . . . . . Parts Repaired . | . . . . . Time . | . . . . . Parts Recycled . | . . . . . Recycled Matter . | . . . . . Retrieved Matter . | . . . . . Retrieved Components 2 | . 2 . . . Parts Scanalyzed . | . . . . . Part Schematics Acquired . | . . . . . Parts Damaged . | . . . . . Bothacking | -11 -10 -10 -10 -9 ------------ Run | Scr Mat Min Exi Min Used RIF Installer . | . . . . . Robots Hacked . | . . . . . Non-combat . | . . . . . Combat . | . . . . . Robot Hacks Applied . | . . . . . Relay Couplers Released . | . . . . . Fabnet Peak Effective % . | . . . . . Robots Rewired . | . . . . . Allies Hacked . | . . . . . Hacks Repelled . | . . . . . Allies | -11 -10 -10 -10 -9 -------- Run | Scr Mat Min Exi Min Total Allies . | . . . . . Largest Group . | . . . . . Highest-Rated Group . | . . . . . Highest-Rated Ally . | . . . . . Total Orders . | . . . . . Ally Attacks . | . . . . . Total Damage . | . . . . . Kills . | . . . . . Allies Corrupted . | . . . . . Allies Melted . | . . . . . Intel | -11 -10 -10 -10 -9 ------- Run | Scr Mat Min Exi Min Robot Analysis Total 1 | . 1 . . . Derelict Logs Recovered . | . . . . . Drone Launches . | . . . . . Drone Recoveries . | . . . . . Exploration | -11 -10 -10 -10 -9 ------------- Run | Scr Mat Min Exi Min Turns Passed 1931 | 189 831 154 755 2 Spaces Moved 1078 | 145 348 41 542 2 Core 2 | 2 . . . . Treads 134 | . 134 . . . Legs 114 | . . 41 73 . Wheels 828 | 143 214 . 469 2 Hover . | . . . . . Flight . | . . . . . Fastest Speed 50 | 50 100 260 115 115 Average Speed 146 | 99 170 266 134 115 Slowest Speed 400 | 100 240 400 260 115 Overloaded Moves . | . . . . . Propulsion Burnouts . | . . . . . Robots Hopped . | . . . . . Cave-ins Triggered . | . . . . . Exploration Rate (%) 30 | 7 63 9 71 3 Regions Visited 4 Branch Regions 3 Pre-discovered Areas 2 | . 1 . 1 . Known Exits Taken 1 | . 1 . . . Unknown Exits Taken 3 | 1 . 1 1 . Scrap Searched . | . . . . . Spaces Dug 1 | . 1 . . . Terrain Destroyed 1 | . 1 . . . Melee . | . . . . . Projectile 1 | . 1 . . . AOE . | . . . . . Terrain Rammed . | . . . . . Walls Destroyed . | . . . . . Machines Disabled . | . . . . . Actions | -11 -10 -10 -10 -9 --------- Run | Scr Mat Min Exi Min Total 1281 | 172 475 63 568 3 Wait 40 | . 36 . 4 . Move 1074 | 144 347 40 541 2 Hop . | . . . . . Pick Up 34 | 10 12 1 11 . Fast Attach 9 | 6 2 1 . . Attach 9 | 1 6 . 2 . Detach 1 | . 1 . . . Swap 10 | 1 6 1 2 . Drop 13 | 1 4 . 7 1 Fire 91 | 9 61 20 1 . Melee . | . . . . . Ram . | . . . . . Kick . | . . . . . Crush . | . . . . . Escape Stasis . | . . . . . Rewire . | . . . . . Trap . | . . . . . Miscellaneous . | . . . . . Route ------- -11/Scrapyard -10/Materials (discovered 2 exits: [*Mat] / *Min) -10/Mines -10/Exiles -9/Mines History --------- Turn | Location | Event 17 | -11/Scrapyard | Discovered new exit (range 16) 190 | -11/Scrapyard | Entered Materials 302 | -10/Materials | Build established: Mutant 713 | -10/Materials | Central database locked down 720 | -10/Materials | Identified exit to Mines 817 | -10/Materials | Core integrity fell below 50% 831 | -10/Materials | Lost 3 parts (1p2n) 943 | -10/Materials | Discovered new exit (range 10) 1021 | -10/Materials | Entered Mines 1038 | -10/Mines | Core integrity fell below 20% 1064 | -10/Mines | Lost 3 parts (1p1n1w) 1162 | -10/Mines | Deemed a non-threat by the Exiles lab entrance 1165 | -10/Mines | Discovered new exit (range 5) 1175 | -10/Mines | Entered Exiles 1238 | -10/Exiles | Met 8R-AWN 1282 | -10/Exiles | Met EX-HEX 1397 | -10/Exiles | Met EX-DEC 1421 | -10/Exiles | Learned location of Zion (-6) 1480 | -10/Exiles | Discovered new exit (range 14) 1606 | -10/Exiles | Met EX-BIN 1758 | -10/Exiles | Aligned with FarCom system 1759 | -10/Exiles | Given EX-Vault access code 1786 | -10/Exiles | Opened EX-Vault 1794 | -10/Exiles | Found Longsword +1 1820 | -10/Exiles | Warned to stay clear of 0b10 Research branches 1834 | -10/Exiles | Exiles lab attacked by MAIN.C 1908 | -10/Exiles | Destroyed EX-BIN 1909 | -10/Exiles | Attacked by the Exiles 1921 | -10/Exiles | Found Prototype Device 1930 | -10/Exiles | Entered Mines 1932 | -9/Mines | Destroyed by Reinforced Deuterium Engine chain reaction Last Messages --------------- 01834_ EXILES: Incoming Unaware force detected on approach from Mines. Prepare for evacuation. 01869_ EXILES: Lab perimeter alert, evacuate immediately. 01905_ EX-DEC exits level. 01907_ EX-BIN: "Not cool, MAIN.C, I don't even have my SDF Cannon ready..." 01908_ EX Chip 1 melted. 01908_ EX-BIN: "You can't kill me, my evil twin will get revenge!" 01908_ EX-BIN destroyed. 01909_ EXILES: Additional hostile detected within perimeter. 01911_ Dropped Longsword +1. 01911_ Dropped Aluminum Leg. 01919_ Acquired Prototype Reactor. 01921_ Acquired Prototype Device. 01922_ Acquired 23 matter. LOCATION=UNKNOWN GOAL=ESCAPE 01930_ Dropped Rigged Rnf. Deuterium Engine. 01932_ Rigged Rnf. Deuterium Engine explodes. 01932_ S-10 Pest destroyed. Map ----- +----------------------------------------------------+ | ??????????????????????????????????????????? | | ??????????????????????????????????????????? | | ??????????????????????????????????????????? | | ??????????????????????????????????????????? | | ??????????????????????????????????????????? | | ??????????????????????????????????????????? | | ??????????????????????????????????????????? | | ??????????????????????????????????????????? | | ??????????????????????????????????????????? | | ??????????????????????????????????????????? | | ??????????????????????????????????????????? | | ??????????????????????????????????????????? | | ??????????????????????????????????????????? | | ??????????????????????????????????????????? | | ??????????????????????????????????????????? | | ??????????????????????????????????????????? | | ??????????????????????????????????????????? | | ??????????????????????????????????????????? | | ????????????????????###???????????????????? | | ????????????????????# ???????????????????? | | ????????????????????# ???????????????????? | | ????????????# ???### ##?????????????????? | | ??????????????# ## #?????????????????? | | ??????????????# #?????????????????? | | ??????????????????# [%##########????????? | | ??????????????????# = @ #????????? | | ??????????????????# #;###### #????????? | | ??????????????????#######?????????????????? | | ??????????????????????????????????????????? | | ??????????????????????????????????????????? | | ??????????????????????????????????????????? | | ??????????????????????????????????????????? | | ??????????????????????????????????????????? | | ??????????????????????????????????????????? | | ??????????????????????????????????????????? | | ??????????????????????????????????????????? | | ??????????????????????????????????????????? | | ??????????????????????????????????????????? | | ??????????????????????????????????????????? | | ??????????????????????????????????????????? | | ??????????????????????????????????????????? | | ??????????????????????????????????????????? | | ??????????????????????????????????????????? | | ??????????????????????????????????????????? | | ??????????????????????????????????????????? | | ??????????????????????????????????????????? | | ??????????????????????????????????????????? | | ??????????????????????????????????????????? | | ??????????????????????????????????????????? | | ??????????????????????????????????????????? | +----------------------------------------------------+ Best States ------------- Heat Dissipation 25 Energy Generation 10 Energy Capacity 125 Matter Stores 300 Matter Capacity 300 Sight Range 16 Terrain Scan Range 16 Terrain Scan Density 10 Evasion (%) 40 Recoil Reduction 2 Item Schematics ----------------- Huge Storage Unit | -10/Materials | Hacked Robot Schematics ------------------ None Fabricated ------------ Nothing Alien Tech Used ----------------- None Achievements -------------- None Challenges ------------ None Game ------ Seed MagneticAntigravStick Manual? 0 Play Time 00:15:42 Cumulative 360.3 hours Start 2022.12.31 @ 01:18:52 End 2022.12.31 @ 01:34:33 Sessions 1 Manual Loads 0 Difficulty Rogue Special Mode None Game No. 327 Rogue 327 Adventurer 0 Explorer 0 Win Type - Total 6 Types 4/1/0/0/0/0/1/0/0 Lore% 71 Gallery% 85 Achievement% 71 Wizard Run 0 Options --------- ASCII 0 Keyboard 0 Movement Numpad Keybinds 0 Fullscreen 2 Font 24/Terminus Map View 76x50 Tactical HUD 1 Map Filters NONE Filters NONE Steam 1 RUN: 28880960-d419-408e-9f1e-6f230131d38d